 Dungeon Crawl Stone Soup version 0.23-b1-49-g13d5857 (webtiles) character file.

Game seed: 9117186777541566274

46 HEYYEYAAE the Bolt Thrower (level 3, -7/24 HPs)
             Began as an Octopode Hunter on Feb 4, 2019.
             Mangled by Robin
             ... wielding a +0 trident
              (9 damage)
             ... on level 2 of the Dungeon.
             The game lasted 00:00:59 (1029 turns).

HEYYEYAAE the Bolt Thrower (Octopode Hunter)        Turns: 1029, Time: 00:01:00

Health: -7/24      AC:  1    Str: 11    XL:     3   Next: 66%
Magic:  3/3        EV: 19    Int: 13    God:
Gold:   74         SH:  0    Dex: 18    Spells: 2/2 levels left

rFire    . . .     SeeInvis .   a - +1 hand crossbow
rCold    . . .     Gourm    .   (no shield)
rNeg     . . .     Faith    .   (helmet restricted)
rPois    .         Spirit   .   (no amulet)
rElec    .         Reflect  .   g - ring of stealth
rCorr    .         Harm     .   (no ring)
MR       .....                  (no ring)
Stlth    +++++.....             (no ring)
HPRegen  0.08/turn              (no ring)
MPRegen  0.08/turn              (no ring)
                                (no ring)
                                (no ring)

@: agile
A: almost no armour, stealthy swim, amphibious, 8 rings, constrict 8, camouflage
1, gelatinous body 1
a: no special abilities


You were on level 2 of the Dungeon.
You were not hungry.

You visited 1 branch of the dungeon, and saw 2 of its levels.

You collected 74 gold pieces.

Inventory:

Hand Weapons
 a - a +1 hand crossbow (weapon)
 b - a +0 short sword
 l - a +2 quarterstaff of protection
Missiles
 c - 6 bolts (quivered)
Jewellery
 g - a ring of stealth (left tentacle)
Scrolls
 e - a scroll of amnesia {unknown}
 f - a scroll of blinking {unknown}
 h - a scroll of remove curse {unknown}
 i - 3 scrolls of identify {unknown}
 j - a scroll of immolation {unknown}
 m - a scroll of teleportation {unknown}
Comestibles
 d - 6 rations


   Skills:
 - Level 2.0 Fighting
 + Level 5.3 Crossbows
 - Level 2.0 Dodging
 - Level 1.3 Stealth


You had 2 spell levels left.
You didn't know any spells.
Your spell library contained the following spells:

 Spells                   Type           Power        Failure   Level  Hunger
 Beastly Appendage        Tmut           #.....       30%         1    ##.....
 Sticks to Snakes         Tmut           #.......     43%         2    ###....
 Spider Form              Tmut/Pois      #.........   67%         3    ####...
 Ice Form                 Ice/Tmut       #.......     97%         4    #####..
 Blade Hands              Tmut           #.........   100%        5    ######.


Dungeon Overview and Level Annotations

Branches:
Dungeon (2/15)

Altars:

Annotations:
D:2 Robin


Innate Abilities, Weirdness & Mutations

You cannot wear most types of armour.
You are very stealthy in the water. (Stealth+)
You are amphibious.
You can wear up to eight rings at the same time.
You can use your tentacles to constrict eight enemies at once.
Your skin changes colour to match your surroundings (Stealth+).
Your rubbery body absorbs attacks. (AC +1, EV +1)


Message History

You shoot a bolt. The bolt hits Robin!
Robin is heavily wounded.
Robin hits you from afar with a +0 trident!
* * * LOW HITPOINT WARNING * * *
You are too injured to fight recklessly!
You are too injured to fight recklessly!
You are too injured to fight recklessly!
Firing (i - inventory)
c - 7 bolts (quivered)
Press: ? - help, Shift-Dir - straight line, f/p - Robin
Aim: Robin, wielding a +0 trident, wearing a +0 animal skin and wearing a +0 helmet (heavily wounded)
You shoot a bolt. The bolt hits Robin.
Robin is severely wounded.
Robin hits you from afar with a +0 trident.
* * * LOW HITPOINT WARNING * * *
Robin closely misses you.
It was a potion of agility.
You feel agile all of a sudden.
Robin points. "Kill!"
Robin hits you from afar with a +0 trident!
You die...

..g.g()(# #g# #(#
#.# #.# #.#
#####.# #..g..#
#@#######
#>.......
#.##########
#.#........##.#
#.#.######.##.# #
#.#<######.##.#
#.#...(.......#.#
#.#†###########.#
#.....# #.#


You could see Robin.

Vanquished Creatures
  A leopard gecko (D:1)
  4 bats
  A giant cockroach (D:1)
  10 goblins (D:2)
  6 hobgoblins
  5 jackals
  A quokka (D:2)
  2 frilled lizards (D:1)
  3 kobolds
  5 rats
38 creatures vanquished.

Vanquished Creatures (others)
  14 toadstools (D:2)
14 creatures vanquished.

Grand Total: 52 creatures vanquished

Notes
Turn   | Place    | Note
-------+----------+-------------------------------------------
     0 | D:1      | HEYYEYAAE the Octopode Hunter began the quest for the Orb.
     0 | D:1      | Reached XP level 1. HP: 14/14 MP: 1/1
   157 | D:1      | Reached XP level 2. HP: 19/19 MP: 2/2
   792 | D:2      | Reached XP level 3. HP: 23/24 MP: 3/3
   799 | D:2      | Reached skill level 5 in Crossbows
  1009 | D:2      | Noticed Robin
  1029 | D:2      | Mangled by Robin

Skill      XL: |  1  2  3 |
---------------+----------+-----
Crossbows      | 5 |  5.3
Fighting       | |  2.0
Dodging        | |  2.0
Stealth        | |  1.3

Action                   || total
-------------------------++-------
 Fire: Hand crossbow     ||    66
  Use: Potion            ||     1
Armor: Skin              ||     3
Dodge: Dodged            ||    17
